 Dungeon Crawl Stone Soup version 0.31.0-11-ge490571c62 (webtiles) character file.

Game seed: 17516461618350418525

15906 Aneyh the Convoker (level 12, -16/72 HPs)
             Began as a Tengu Monk on Jan 29, 2024.
             Was a High Priest of Hepliaklqana.
             Killed from afar by a fire dragon (35 damage)
             ... with a blast of flame
             ... on level 11 of the Dungeon.
             The game lasted 00:39:14 (11547 turns).

Aneyh the Convoker (Tengu Monk)                    Turns: 11547, Time: 00:39:14

Health: -16/72     AC: 15    Str: 24    XL:     12   Next: 31%
Magic:  13/13      EV: 14    Int: 17    God:    Hepliaklqana [*****.]
Gold:   657        SH:  0    Dex: 17    Spells: 7/11 levels left

rFire   . . .        a - +1 great mace (heavy)
rCold   . . .        (shield currently unavailable)
rNeg    . . .        Z - +6 chain mail of the Peculiar Bounties {Slay+3}
rPois   .            (helmet restricted)
rElec   .            (no cloak)
rCorr   .            (no gloves)
SInv    +            (boots unavailable)
Will    .....        P - amulet of regeneration Stlth
                     u - +6 ring of strength
HPRegen 1.12/turn    N - +6 ring of strength
MPRegen 0.13/turn

%: acrobat, clarity
@: flying, studying Short Blades
A: reduced essence, beak, talons 3, evasive flight, acrobatic, see invisible,
clarity, clever 1, inability to drink after injury 1
a: Renounce Religion, Recall Ancestor, Ancestor Identity, Transference, Idealise


You were on level 11 of the Dungeon.
You worshipped Hepliaklqana.
Hepliaklqana was extremely pleased with you.
You visited 2 branches of the dungeon, and saw 12 of its levels.
You also visited: Sewer and Ossuary.

You collected 657 gold pieces.

Inventory:

Hand Weapons
 a - a +1 heavy great mace (weapon)
 b - a +0 arbalest
 o - a +0 scimitar
 y - a +0 trident
 K - a +0 war axe
 T - a +0 morningstar of holy wrath
 U - a +2 scimitar of flaming
 X - a +0 halberd
Armour
 z - a +1 ring mail of poison resistance
 I - a +0 buckler
 Z - the +6 chain mail of the Peculiar Bounties (worn) {Slay+3}
   (You took it off an orc priest on level 7 of the Dungeon)

   Slay+3:    It affects your accuracy & damage with ranged weapons and melee
   (+3).
Jewellery
 g - a +4 ring of slaying
 k - a ring of willpower
 q - a +4 ring of protection
 u - a +6 ring of strength (left hand)
 N - a +6 ring of strength (right hand)
 P - an amulet of regeneration (around neck)
Wands
 c - a wand of flame (8)
 h - a wand of mindburst (16)
 v - a wand of digging (3)
 G - a wand of quicksilver (11)
 S - a wand of iceblast (4)
 W - a wand of charming (22)
Scrolls
 d - a scroll of blinking {unknown}
 j - a scroll of enchant weapon {unknown}
 l - a scroll of vulnerability
 m - 2 scrolls of torment
 n - 2 scrolls of revelation {unknown}
 p - 2 scrolls of enchant armour
 s - 2 scrolls of fog
 M - 2 scrolls of immolation
 O - a scroll of brand weapon {unknown}
 Q - 2 scrolls of poison
Potions
 e - 2 potions of brilliance {unknown}
 f - 2 potions of might
 i - a potion of haste {unknown}
 r - 4 potions of curing
 t - 2 potions of berserk rage
 x - 4 potions of enlightenment
 B - 2 potions of cancellation
 C - 2 potions of lignification {unknown}
 D - 2 potions of resistance {unknown}
 E - 5 potions of mutation
 F - 2 potions of attraction {unknown}
 R - 2 potions of degeneration {unknown}
 V - 3 potions of heal wounds {unknown}


   Skills:
 - Level 12.0 Fighting
 - Level 5.0 Long Blades
 * Level 8.2 Maces & Flails
 - Level 5.0 Armour
 - Level 4.0 Dodging
 * Level 15.1 Summonings


You had 7 spell levels left.
You knew the following spells:

 Your Spells              Type           Power      Damage    Failure   Level
a - Martyr's Knell        Necr/Summ      25%        N/A       50%         4

Your spell library contained the following spells:

 Spells                   Type           Power      Damage    Failure   Level
 Necrotise                Necr           0%         1d4       77%         1
 Sting                    Conj/Alch      0%         1d3       77%         1
 Cigotuvi's Dreadful Rot  Necr/Alch/Air  0%         N/A       88%         2
 Ensorcelled Hibernation  Hex/Ice        0%         N/A       88%         2
 Mercury Vapours          Alch/Air       0%         N/A       88%         2
 Fugue of the Fallen      Necr           0%         N/A       98%         3
 Gell's Gravitas          Tloc           0%         N/A       98%         3
 Ozocubu's Armour         Ice            0%         N/A       98%         3
 Teleport Other           Tloc           0%         N/A       98%         3
 Vampiric Draining        Necr           0%         2d6       98%         3
 Anguish                  Hex/Necr       0%         N/A       100%        4
 Cause Fear               Hex            0%         N/A       100%        4
 Dispel Undead            Necr           0%         3d6       100%        4
 Manifold Assault         Tloc           0%         N/A       100%        4
 Olgreb's Toxic Radiance  Alch           0%         N/A       100%        4
 Curse of Agony           Necr           0%         N/A       100%        5
 Fireball                 Conj/Fire      0%         3d3       100%        5
 Death Channel            Necr           0%         N/A       100%        6
 Dispersal                Tloc           0%         N/A       100%        6
 Dragon's Call            Summ           25%        N/A       100%        9


Dungeon Overview and Level Annotations

Branches:
Dungeon (12/15)            Temple (1/1) D:4            Lair (0/5) D:11
    Orc (0/2) D:9           Sewer (visited)         Ossuary (visited)

Altars:
Ashenzari
Cheibriados
Dithmenos
Elyvilon
Fedhas
Gozag
Hepliaklqana
Kikubaaqudgha
Makhleb
Nemelex Xobeh
Okawaru
Qazlal
Ru
Sif Muna
Trog
Uskayaw
Vehumet
Wu Jian
Xom
Yredelemnul
Zin
The Shining One

Shops:
D:8 !!*=

Annotations:
D:9 5 runed translucent doors


Innate Abilities, Weirdness & Mutations

Your life essence is reduced to manifest your ancestor. (-10% HP)
You have a beak for a mouth.
You have claws for feet.
Your magical flight helps you evade attacks. (EV +4)
You can magically evade attacks while moving or waiting.
You have supernaturally acute eyesight. (SInv)
You possess an exceptional clarity of mind.
Your mind is acute. (Int +4, Str/Dex -1)
You occasionally lose the ability to drink potions when taking damage.


Message History

The fire dragon bites you! The fire dragon claws you!
The fire dragon closely misses you.
You swap places.
Eideard hits the fire dragon with a +0 quarterstaff.
The fire dragon barely misses Eideard.
The fire dragon claws Eideard!
The fire dragon tramples Eideard!
Eideard holds his ground!
a - a +1 heavy great mace (weapon)
Eideard barely misses the fire dragon.
You swap places.
The fire dragon completely misses you. The fire dragon misses you. x2
You sock the fire dragon! Your kick misses the fire dragon.
The fire dragon is moderately wounded.
The fire dragon breathes flames at you. The blast of flame misses you.
The fire dragon bites you but does no damage.
The fire dragon closely misses you.
The fire dragon tramples you but does no damage.
You hear a bellow!
You hear a shout!
You barely miss the fire dragon.
The fire dragon is moderately wounded.
The fire dragon bites you but does no damage.
The fire dragon closely misses you. The fire dragon misses you.
The fire dragon barely misses you. x2
The fire dragon tramples you but does no damage.
Unknown command.
You sock the fire dragon! You claw the fire dragon!
You peck the fire dragon, but do no damage.
The fire dragon is heavily wounded.
The fire dragon bites you but does no damage.
The fire dragon claws you but does no damage.
The fire dragon closely misses you. The fire dragon breathes flames at you.
The blast of flame hits you!!!
Ouch! That really hurt!
* * * LOW HITPOINT WARNING * * *
You closely miss the fire dragon. You peck the fire dragon.
The fire dragon is severely wounded.
The fire dragon breathes flames at you. The blast of flame hits you!!
You die...

.
###.####
.. #....#
> ####.#
# #.#
#.#####
#.....###
#####...#
###R# #@#
#.D.#
#.##.#
### #


You could see the friendly Eideard the battlemage and a fire dragon (catching
breath, ally target).

Vanquished Creatures
  2 boulder beetles (D:12)
  Urug (D:10)
  Nergalle (D:11)
  2 nameless horrors
  A deep elf pyromancer (D:12)
  A manticore (D:12)
  2 cyclopes
  A slime creature (D:11)
  An efreet (D:8)
  2 hornets
  5 yaks
  A shadow (D:10)
  A wraith (D:12)
  4 wyverns
  A vampire mosquito (D:12)
  A steam dragon (D:8)
  Menkaure (D:4)
  2 acid dragons
  A sky beast (D:6)
  An orc warrior (D:8)
  4 black bears
  A phantom (D:6)
  7 centaurs
  A kobold brigand (D:10)
  A bullfrog (D:6)
  3 water moccasin zombies (Ossuary)
  A burial acolyte (Ossuary)
  2 wights (D:8)
  6 howler monkeys
  7 orc priests
  2 hounds
  A jelly (D:4)
  An iguana (D:5)
  3 orc wizards
  A crocodile zombie (Ossuary)
  A hound zombie (D:5)
  2 mummies (Ossuary)
  4 adders
  5 gnolls
  6 river rats
  2 adder zombies (Ossuary)
  2 ribbon worms
  7 orcs
  6 bats
  An endoplasm (Sewer)
  3 giant cockroaches (D:1)
  7 gnoll zombies (Ossuary)
  8 goblins
  9 hobgoblins
  18 kobolds
  5 quokkas
  9 ball pythons
  2 frilled lizards
  A jackal zombie (Ossuary)
  6 orc zombies (Ossuary)
  11 rats
188 creatures vanquished.

Vanquished Creatures (collateral kills)
  A nameless horror (D:6)
  3 cyclopes
  A manticore (D:12)
  A gargoyle (D:12)
  An unseen horror (D:11)
  A slime creature (D:12)
  A vampire (D:10)
  A wraith (D:9)
  9 yaks
  A vampire mosquito (D:12)
  2 steam dragons
  A black bear (D:5)
  2 ice beasts
  An orc warrior (D:8)
  9 centaurs
  A phantom (D:7)
  2 kobold brigands
  A gnoll sergeant (D:8)
  A scorpion (D:5)
  3 water moccasin zombies (Ossuary)
  2 wights (D:8)
  2 howler monkeys
  A hound (D:4)
  6 orc priests
  A gnoll bouda (D:7)
  3 iguanas
  3 orc wizards
  A crocodile zombie (Ossuary)
  A hound zombie (D:5)
  3 gnolls
  A howler monkey skeleton (D:5)
  6 river rats
  3 adder zombies
  An adder skeleton (D:5)
  2 dart slugs
  A ribbon worm (D:6)
  13 orcs
  17 kobolds
  A quokka (D:4)
  3 ball pythons (Sewer)
  A frilled lizard (Sewer)
  3 gnoll zombies (Ossuary)
  A goblin (D:4)
  A jackal zombie (Ossuary)
  An orc zombie (Ossuary)
  16 rats
137 creatures vanquished.

Vanquished Creatures (others)
  14 battlemagi
14 creatures vanquished.

Grand Total: 339 creatures vanquished

Notes
Turn   | Place    | Note
-------+----------+-------------------------------------------
     0 | D:1      | Aneyh the Tengu Monk began the quest for the Orb.
     0 | D:1      | Reached XP level 1. HP: 14/14 MP: 2/2
   179 | D:1      | Reached XP level 2. HP: 19/19 MP: 3/3
   340 | D:1      | Reached XP level 3. HP: 23/23 MP: 4/4
  1043 | D:2      | You fall into a shaft and drop 2 floors!
  1055 | D:4      | Found an opulent altar of Gozag.
  1102 | D:4      | Reached skill level 5 in Long Blades
  1130 | D:4      | Reached XP level 4. HP: 15/28 MP: 5/5
  1280 | D:4      | Found a burning altar of Makhleb.
  1320 | D:4      | Found a white marble altar of Elyvilon.
  1328 | D:4      | Noticed Menkaure
  1339 | D:4      | Killed Menkaure
  1340 | D:4      | Reached skill level 5 in Fighting
  1340 | D:4      | Reached XP level 5. HP: 16/35 MP: 6/6
  1340 | D:4      | Reached XP level 6. HP: 18/40 MP: 7/7
  1447 | D:4      | Found a staircase to the Ecumenical Temple.
  1469 | Temple   | Entered the Ecumenical Temple
  1481 | Temple   | Became a worshipper of Hepliaklqana the Forgotten
  1481 | Temple   | Reached * piety under Hepliaklqana
  1481 | Temple   | Reached ** piety under Hepliaklqana
  1482 | Temple   | Remembered your ancestor Eideard as a battlemage
  1611 | D:4      | Learned a level 4 spell: Martyr's Knell
  1654 | D:4      | Found a snail-covered altar of Cheibriados.
  1863 | D:5      | Entered Level 5 of the Dungeon
  1880 | D:5      | Noticed a black bear
  1884 | D:5      | Killed a black bear
  1885 | D:5      | Reached skill level 1 in Summonings
  1885 | D:5      | Gained mutation: Your magical flight helps you evade
                  | attacks. (EV +4) [Tengu growth]
  1885 | D:5      | Reached XP level 7. HP: 31/42 MP: 8/8
  1909 | D:5      | Reached skill level 2 in Summonings
  1975 | D:5      | Found a shimmering altar of Xom.
  1982 | D:5      | Reached skill level 3 in Summonings
  2002 | D:5      | Reached XP level 8. HP: 32/48 MP: 9/9
  2183 | D:5      | Reached skill level 4 in Summonings
  2200 | D:5      | Found a sand-covered staircase.
  2212 | Ossuary  | Entered an ossuary
  2580 | Ossuary  | Noticed a nameless horror
  2584 | Ossuary  | Killed a nameless horror
  2587 | Ossuary  | Reached skill level 5 in Summonings
  2748 | Ossuary  | Gained mutation: You occasionally lose the ability to drink
                  | potions when taking damage. [potion of mutation]
  2748 | Ossuary  | Gained mutation: You have supernaturally acute eyesight.
                  | (SInv) [potion of mutation]
  2748 | Ossuary  | Gained mutation: You possess an exceptional clarity of
                  | mind. [potion of mutation]
  2748 | Ossuary  | Gained mutation: Your mind is acute. (Int +4, Str/Dex -1)
                  | [potion of mutation]
  3268 | D:6      | Reached XP level 9. HP: 50/55 MP: 10/10
  3270 | D:6      | Reached skill level 10 in Fighting
  3358 | D:6      | Found a glowing drain.
  3365 | Sewer    | Entered a sewer
  3421 | Sewer    | Reached *** piety under Hepliaklqana
  3429 | Sewer    | Reached skill level 6 in Summonings
  4227 | D:6      | Reached skill level 7 in Summonings
  4227 | D:6      | Noticed a nameless horror
  4230 | D:6      | Killed a nameless horror
  4481 | D:7      | Reached skill level 8 in Summonings
  4594 | D:7      | Reached skill level 9 in Summonings
  4831 | D:7      | Reached skill level 10 in Summonings
  5012 | D:8      | Found Humeinwedd's Jewellery Shoppe.
  5020 | D:8      | Noticed a hornet
  5104 | D:8      | Reached XP level 10. HP: 57/61 MP: 6/11
  5110 | D:8      | Reached skill level 11 in Summonings
  5120 | D:8      | Reached skill level 12 in Summonings
  5414 | D:8      | Found Ulaser's Distillery.
  5426 | D:8      | Noticed a cyclops
  5433 | D:8      | Identified the +6 chain mail of the Peculiar Bounties
                  | {Slay+3}
  5434 | D:8      | Noticed a cyclops
  5441 | D:8      | Reached **** piety under Hepliaklqana
  5577 | D:8      | Found Syuth's Assorted Antiques.
  5621 | D:8      | Found a sparkling altar of Nemelex Xobeh.
  5641 | D:8      | Found Hadyst's Distillery.
  5657 | D:8      | Reached skill level 13 in Summonings
  5882 | D:8      | Killed a cyclops
  6546 | D:8      | Killed a cyclops
  6591 | D:8      | Reached skill level 14 in Summonings
  6719 | D:8      | Found a hide-covered altar of Uskayaw.
  6964 | D:9      | Reached skill level 1 in Armour
  6964 | D:9      | Reached XP level 11. HP: 52/65 MP: 12/12
  7185 | D:9      | Noticed a fire dragon
  7185 | D:9      | Found the +2 shield of Resistance {rF++ rC++ Will++}
  7185 | D:9      | Noticed a fire dragon
  7186 | D:9      | Noticed an ice dragon
  7186 | D:9      | Noticed an ice dragon
  7187 | D:9      | Found a runed translucent door.
  7187 | D:9      | Found a runed translucent door.
  7357 | D:9      | Found a runed translucent door.
  7357 | D:9      | Noticed a cyclops
  7469 | D:9      | Found a staircase to the Orcish Mines.
  7552 | D:9      | Noticed a centaur warrior
  7553 | D:9      | Noticed a deep elf knight
  7553 | D:9      | Noticed a centaur warrior
  7554 | D:9      | Found a runed translucent door.
  7554 | D:9      | Found a runed translucent door.
  7705 | D:9      | Noticed a boulder beetle
  7724 | D:10     | Entered Level 10 of the Dungeon
  7779 | D:10     | Reached ***** piety under Hepliaklqana
  8108 | D:10     | Noticed Urug
  8118 | D:10     | HP: 1/99 [Urug/+1 heavy great mace (16)]
  8119 | D:10     | Killed Urug
  8688 | D:10     | Found a shimmering altar of Xom.
  8916 | D:11     | Noticed a cyclops
  8920 | D:11     | Killed a cyclops
  8921 | D:11     | Reached skill level 1 in Maces & Flails
  9154 | D:11     | Noticed Nergalle
  9160 | D:11     | Killed Nergalle
  9686 | D:12     | Noticed a cyclops
  9769 | D:12     | Killed a cyclops
 10060 | D:12     | Reached skill level 5 in Armour
 10091 | D:12     | Reached skill level 5 in Maces & Flails
 10152 | D:12     | Noticed a deep elf pyromancer
 10159 | D:12     | Killed a deep elf pyromancer
 10160 | D:12     | Reached XP level 12. HP: 10/72 MP: 13/13
 10608 | D:12     | Noticed a boulder beetle
 10613 | D:12     | Killed a boulder beetle
 10614 | D:12     | Reached skill level 15 in Summonings
 10779 | D:12     | Noticed a boulder beetle
 10784 | D:12     | Killed a boulder beetle
 10918 | D:12     | Noticed a centaur warrior
 11514 | D:11     | Found a staircase to the Lair.
 11539 | D:11     | Noticed a fire dragon
 11547 | D:11     | Killed from afar by a fire dragon

Illustrated notes

Levels and vault maps discovered:
D:1:      dpeg_arrival_round_c, layout_basic, minmay_hexomino_p4
D:2:      layout_basic, basic_altar, chequers_serial_rivers_micro_d
D:4:      cheibrodos_greedy_goblins, layout_cave_pools, lemuel_doored_altar,
          kennysheep_little_box, bloody_makhleb, elyvilon_altar_1,
          minmay_temple_entry_offerings, kennysheep_generic_room_2,
          uniq_menkaure
D:5:      wad_woods_stonehenge, layout_basic,
          mainiacjoe_ossuary_entry_find_the_door, minmay_stone_trees_medium
D:6:      layout_loops_ring, lightli_sewer_entry_pipes
D:7:      layout_rooms
D:8:      layout_gridville, lemuel_round_altar, amcnicky_altar_gilded,
          serial_shops, shop, nicolae_shop_tiny_real_fake_doors,
          nicolae_shop_waterfront, nicolae_shop_getting_attention,
          minmay_manual_mail
D:9:      minmay_the_grid_four_pointed_star_mashed
          [minmay_the_grid_triangle_9x9_odd_lines,
          minmay_the_grid_triangle_9x9_skeleton,
          minmay_the_grid_triangle_9x9_steps,
          minmay_the_grid_triangle_9x9_fully_insulated_deathbox,
          minmay_the_grid_prize_inner_circle], layout_cave_pods,
          minmay_guarded_unrand_resistance
D:10:     layout_grid_maze, mainiacjoe_overflow_tiny_flanked,
          minmay_misc_feat_hallway, uniq_urug
D:11:     minmay_cornered_nines, layout_layer_cave, lair_entry_dummy,
          uniq_nergalle
D:12:     layout_irregular_city, minmay_pinched_square
Temple:   nicolae_temple_bog_church

Skill      XL: |  1  2  3  4  5  6  7  8  9 10 11 12 |
---------------+-------------------------------------+-----
Long Blades    | 4 5 |  5.0
Dodging        | 4 |  4.0
Fighting       | 5 6 7 9 10 12 | 12.0
Summonings     | 1 3 5 10 14 15 | 15.1
Armour         | 1 5 |  5.0
Maces & Flails | 5 8 |  8.2

Action                     |  1- 3 |  4- 6 |  7- 9 | 10-12 || total
---------------------------+-------+-------+-------+-------++-------
  Melee: Falchion          |    73 |    38 |    16 |     9 ||   136
         Kick              |    10 |    13 |    63 |    22 ||   108
         Peck              |    10 |     8 |    41 |    23 ||    82
         Punch             |     1 |       |       |       ||     1
         Lajatang          |       |       |   160 |     1 ||   161
         Scimitar          |       |       |       |    32 ||    32
         Trident           |       |       |       |    16 ||    16
         Great mace        |       |       |       |    40 ||    40
   Fire: Orcbow            |       |       |       |    33 ||    33
         Arbalest          |       |       |       |    70 ||    70
  Throw: Dart              |       |       |     2 |     5 ||     7
   Cast: Martyr's Knell    |       |       |     3 |     3 ||     6
 Invoke: Ancestor Life: Ba |       |     1 |       |       ||     1
         Recall Ancestor   |       |       |       |     1 ||     1
    Use: Potion            |       |     1 |     1 |     3 ||     5
         Scroll            |       |       |     7 |    13 ||    20
   Stab: Sleeping          |     3 |       |     1 |       ||     4
         Distracted        |       |       |     1 |       ||     1
 Armour: Robe              |    31 |    18 |    89 |    16 ||   154
         Chain mail        |       |       |       |   132 ||   132
  Dodge: Dodged            |    50 |    42 |   194 |   176 ||   462
